 Dungeon Sprint DCSS version 0.28-a0-1616-g050a50673c (webtiles) character file.

Game seed: 8188178634161531672

4 mhtbhm the Ruffian (level 1, -5/20 HPs)
             Began as a Ghoul Berserker on Jan 22, 2022.
             Was a Believer of Trog.
             Slain by an ice beast (7 damage)
             ... in the Dungeon (Sprint IX: "|||||||||||||||||||||||||||||").
             The game lasted 00:00:09 (186 turns).

mhtbhm the Ruffian (Ghoul Berserker)                 Turns: 186, Time: 00:00:09

Health: -5/20      AC:  2    Str: 19    XL:     1   Next: 70%
Magic:  0/0        EV: 12    Int:  3    God:    Trog [**....]
Gold:   0          SH:  0    Dex:  8    Spells: 0/0 levels left

rFire   . . .      SeeInvis .     - Unarmed
rCold   + . .      Faith    .   (no shield)
rNeg    + + +      Spirit   .   a - +0 animal skin
rPois   ∞          Reflect  .   (no helmet)
rElec   .          Harm     .   (no cloak)
rCorr   .          Rampage  .   (no gloves)
Will    .....      NoTele   +   (no boots)
Stlth   +.........              (no amulet)
HPRegen 0.00/turn               (no ring)
MPRegen 0.07/turn               (no ring)

@: inhibited regen
A: claws 1, cold resistance 1, negative energy resistance 3, inhibited
regeneration, torment resistance 2
a: Renounce Religion, Trog's Hand


You were in the Dungeon.
You worshipped Trog.
Trog was pleased with you.
You visited 1 branch

Inventory:

Armour
 a - a +0 animal skin (worn)
Scrolls
 f - a scroll of blinking
Potions
 b - a potion of curing
 c - a potion of heal wounds
 d - a potion of haste
 e - 2 potions of magic


   Skills:
 + Level 4.0 Fighting
 + Level 2.0 Armour
 + Level 2.0 Dodging
 + Level 4.0 Unarmed Combat


You couldn't memorise any spells.
You didn't know any spells.
Your spell library was empty.

Dungeon Overview and Level Annotations

Branches:
Dungeon (1/1)

Altars:


Innate Abilities, Weirdness & Mutations

You thrive by killing the living.
You are immune to poison.
You have sharp fingernails.
Your flesh is cold resistant. (rC+)
You are immune to negative energy. (rN+++)
You do not regenerate when monsters are visible.
You are immune to unholy pain and torment.


Message History

Trog accepts your kill.
You feel better.
Your Fighting skill increases to level 4!
There is an open door to the Dungeon, spattered with blood here.
Things that are here:
a +0 dagger; a +0 dagger; a bat corpse You start resting.
You start resting.
HP restored.
You open the door.
An adder, an iguana, a gnoll and 2 ice beasts come into view.
The adder hisses angrily.
The iguana hisses angrily.
The gnoll shouts!
The ice beast barely misses you.
There is an open door here.
You scratch the ice beast.
The ice beast is moderately wounded.
The ice beast closely misses you.
You scratch the ice beast.
The ice beast is moderately wounded.
You scratch the ice beast but do no damage.
The ice beast is moderately wounded.
The ice beast closely misses you.
Unknown command.
Okay, then.
You barely miss the ice beast.
The ice beast is moderately wounded.
The ice beast hits you but does no damage.
You scratch the ice beast but do no damage.
The ice beast is moderately wounded.
The ice beast hits you. The ice beast freezes you. You resist.
You completely miss the ice beast.
The ice beast is moderately wounded.
The ice beast hits you. The ice beast freezes you. You resist.
* * * LOW HITPOINT WARNING * * *
You completely miss the ice beast.
The ice beast is lightly wounded.
The ice beast hits you.
* * * LOW HITPOINT WARNING * * *
The ice beast freezes you! You resist.
You die...

▓+▓
▓Y▓
▓S▓
▓l▓
▓g▓
▓Y▓
▓@▓
▓.▓
▓.▓
▓.▓
▓.▓
▓.▓
▓)▓
▓.▓
▓.▓


You could see 2 ice beasts, an iguana, a gnoll and an adder.

Vanquished Creatures
  A quokka (D)
  A ball python (D)
  A bat (D)
  2 goblins (D)
5 creatures vanquished.

Notes
Turn   | Place    | Note
-------+----------+-------------------------------------------
     0 | D        | mhtbhm the Ghoul Berserker began the quest for the Orb.
     0 | D        | Reached XP level 1. HP: 19/19 MP: 0/0
    12 | D        | Reached ** piety under Trog
   178 | D        | Noticed an ice beast
   178 | D        | Noticed an iguana
   178 | D        | Noticed an ice beast
   186 | D        | Slain by an ice beast

Illustrated notes

Levels and vault maps discovered:
D:        linesprint [early_d, line_temple, items_1, d_10, items_2, lair_1,
          lair_end, items_3, orc_1, orc_end, items_4, d_15, swamp_1, shoals_1,
          snake_1, spider_1, d_20, vaults_1, items_5, swamp_end, shoals_end,
          snake_end, spider_end, vaults_end, d_27, items_6, zot_1, zot_end,
          crypt_end, forest_end, elf_end, slime_end, tomb_end, abyss_end,
          pan_hell_end]

Skill      XL: |  1 |
---------------+----+-----
Dodging        | 2 |  2.0
Armour         | 2 |  2.0
Unarmed Combat | 4 |  4.0
Fighting       | 4 |  4.0

Action                   || total
-------------------------++-------
Melee: Unarmed           ||    22
Armor: Animal skin       ||     4
Dodge: Dodged            ||    13

Table legend: (Time is in decaauts)
 A = Elapsed time spent in this place.
 B = Non-inter-level travel time spent in this place.
 C = Inter-level travel time spent in this place.
 D = Time resting spent in this place.
 E = Time spent auto-exploring this place.
 F = Levels seen in this place.
 G = Mean time per level.
                   A        B        C        D        E       F      G
               +--------+--------+--------+--------+--------+-----+--------+
         Total |    184 |    184 |      0 |    153 |      0 |   1 |  184.0 |
       Dungeon |    184 |    184 |      0 |    153 |      0 |   1 |  184.0 |
               +--------+--------+--------+--------+--------+-----+--------+

Top non-repeatable levels by time:
       D: 184 daAuts
